 Dungeon Crawl Stone Soup version 0.27.1-1-g398f81649c (webtiles) character file.

Game seed: 17080513018306524387

4 Stevanos the Grave Robber (level 1, 0/13 HPs)
             Began as a Human Necromancer on Sept 10, 2021.
             Slain by a bat (1 damage)
             ... on level 1 of the Dungeon.
             The game lasted 00:02:55 (412 turns).

Stevanos the Grave Robber (Human Necromancer)        Turns: 412, Time: 00:02:56

Health: 0/13       AC:  2    Str:  8    XL:     1   Next: 66%
Magic:  1/3        EV: 12    Int: 15    God:
Gold:   15         SH:  0    Dex: 13    Spells: 3/4 levels left

rFire    . . .     SeeInvis .   (no weapon)
rCold    . . .     Faith    .   (no shield)
rNeg     . . .     Spirit   .   a - +0 robe
rPois    .         Reflect  .   (no helmet)
rElec    .         Harm     .   (no cloak)
rCorr    .         Rampage  .   (no gloves)
Will     .....                  (no boots)
Stlth    ++........             (no amulet)
HPRegen  0.04/turn              (no ring)
MPRegen  0.08/turn              (no ring)

@: no status effects
A: no striking features
a: no special abilities


You were on level 1 of the Dungeon.
You visited 1 branch of the dungeon, and saw 1 of its levels.

You collected 15 gold pieces.

Inventory:

Armour
 a - a +0 robe (worn)
Scrolls
 b - a scroll of summoning {unknown}


   Skills:
 + Level 2.0 Dodging
 - Level 2.0 Stealth
 * Level 2.0 Spellcasting
 + Level 4.2 Necromancy


You had 3 spell levels left.
You knew the following spells:

 Your Spells              Type           Power      Damage    Failure   Level
a - Pain                  Necr           56%        1d6       4%          1

Your spell library contained the following spells:

 Spells                   Type           Power      Damage    Failure   Level
 Animate Skeleton         Necr           28%        N/A       4%          1
 Vampiric Draining        Necr           7%         2d7       12%         3
 Animate Dead             Necr           7%         N/A       36%         4
 Agony                    Necr           14%        N/A       73%         5


Dungeon Overview and Level Annotations

Branches:
Dungeon (1/15)

Altars:


Message History

Aim: a bat (chance to affect: 85%)
The bat barely resists.
The bat closely misses you. The bat barely misses you. The bat hits you.
The bat hits you but does no damage. The bat closely misses you.
You hit the bat but do no damage. The bat hits you. The bat closely misses you.
You barely miss the bat. The bat misses you. The bat closely misses you. x2
The bat hits you but does no damage.
Found a fizzy inky potion.
The bat closely misses you. The bat hits you.
* * * LOW HITPOINT WARNING * * *
The bat barely misses you.
You see here 24 sling bullets.
You hit the bat.
The bat is moderately wounded.
The bat hits you.
* * * LOW HITPOINT WARNING * * *
The bat hits you.
* * * LOW HITPOINT WARNING * * *
The bat barely misses you.
You miss the bat.
The bat is moderately wounded.
The bat closely misses you.
Casting: Pain (safe; 4% risk of failure)
Confirm with . or Enter, or press ? or * to list all spells.
Aiming: Pain (safe; 4% risk of failure)
Press: ? - help, Shift-Dir - straight line, f/p - bat
Aim: a bat (moderately wounded, chance to affect: 85%)
The bat writhes in agony.
The bat hits you but does no damage. The bat closely misses you.
You see here 24 sling bullets.
The bat barely misses you. The bat closely misses you.
The bat hits you but does no damage. The bat hits you but does no damage.
The bat closely misses you. The bat hits you but does no damage.
The bat closely misses you. The bat barely misses you. x2
The bat misses you. The bat hits you.
You die...

#####.##..#'..#..# #.#
....#.##.##......####.###.###
###.#....#.............>.....
....#.####.......####.###.###
#####.##.........# #.# ..#
##+....8.....# #.#
#†###............####.#
......................#
........#####...@..♣.♣#
........#####..b...♣.♣
#..................♣.♣
#.......#####......♣.♣
##......# #......♣.♣ .......#
####.##♣.♣ #.......# #.# ♣.♣
#.# ♣.♣ ### #.# ♣


You could see a bat.

Vanquished Creatures
  2 hobgoblins (D:1)
  A frilled lizard (D:1)
  A rat (D:1)
4 creatures vanquished.

Notes
Turn   | Place    | Note
-------+----------+-------------------------------------------
     0 | D:1      | Stevanos the Human Necromancer began the quest for the Orb.
     0 | D:1      | Reached XP level 1. HP: 13/13 MP: 3/3
   412 | D:1      | Slain by a bat

Illustrated notes

Levels and vault maps discovered:
D:1:      nicolae_arrival_somewhat_less_tricky_arrival, layout_rooms,
          serial_forest, infiniplex_forest_straight_4,
          infiniplex_forest_straight_4, infiniplex_forest_straight_4,
          infiniplex_forest_straight_3, infiniplex_forest_clump_diagonal,
          infiniplex_forest_clump_diagonal, shapermc_ecumenical_altar_ellora,
          serial_bayou_lagoon_a

Action                   || total
-------------------------++-------
Melee: Unarmed           ||     4
 Cast: Pain              ||    11
Armor: Robe              ||     8
Dodge: Dodged            ||    22
